 Dungeon Crawl Stone Soup version 0.32-a0-799-g95e1662365 (webtiles) character file.

Game seed: 11751413421823723271

33 AlbinoHulk the Conjurer (level 3, 24/24 HPs)
             Began as a Human Conjurer on Mar 21, 2024.
             Quit the game on level 2 of the Dungeon.
             The game lasted 00:16:56 (1188 turns).

AlbinoHulk the Conjurer (Human Conjurer)            Turns: 1188, Time: 00:16:56

Health: 24/24      AC:  2    Str:  7    XL:     3   Next: 29%
Magic:  5/6        EV: 11    Int: 20    God:
Gold:   22         SH:  0    Dex: 11    Spells: 4/6 levels left

rFire   . . .        c - +0 short sword
rCold   . . .        e - orb {*channel}
rNeg    . . .        a - +0 robe
rPois   .            (no helmet)
rElec   .            (no cloak)
rCorr   .            (no gloves)
SInv    .            (no boots)
Will    .....        (no amulet)
Stlth   ++           (no ring)
HPRegen 0.24/turn    (no ring)
MPRegen 0.10/turn

%: channel magic (20%)
@: no status effects
A: explore regen
a: no special abilities


You were on level 2 of the Dungeon.
You visited 1 branch of the dungeon, and saw 2 of its levels.

You collected 22 gold pieces.

Inventory:

Hand Weapons
 c - a +0 short sword (weapon)
Missiles
 l - 2 curare-tipped darts
Armour
 a - a +0 robe (worn)
 e - an orb of energy (worn)
Scrolls
 d - a scroll of revelation {unknown}
 h - a scroll of teleportation {unknown}
 i - a scroll of vulnerability {unknown}
 m - a scroll of poison {unknown}
Potions
 b - a potion of magic
 f - a potion of cancellation {unknown}
 g - a potion of degeneration {unknown}
 j - a potion of invisibility {unknown}
 k - a potion of brilliance {unknown}


   Skills:
 + Level 0.1 Fighting
 + Level 2.3 Dodging
 + Level 2.1 Stealth
 + Level 2.2 Spellcasting
 + Level 4.6 Conjurations


You had 4 spell levels left.
You knew the following spells:

 Your Spells              Type           Power      Damage    Failure   Level
a - Magic Dart            Conj           80%        1d7       9%          1
b - Foxfire               Conj/Fire      44%        2x1d6     17%         1

Your spell library contained the following spells:

 Spells                   Type           Power      Damage    Failure   Level
 Searing Ray              Conj           40%        2d5       12%         2
 Lesser Beckoning         Tloc           4%         N/A       45%         2
 Gell's Gravitas          Tloc           2%         N/A       65%         3
 Teleport Other           Tloc           2%         N/A       65%         3
 Fulminant Prism          Conj/Alch      5%         3d6       73%         4
 Iskenderun's Mystic Bla  Conj/Tloc      11%        2d4       73%         4


Dungeon Overview and Level Annotations

Branches:
Dungeon (2/15)

Altars:
Uskayaw


Innate Abilities, Weirdness & Mutations

You regain HP and MP as you explore.


Message History

The rat squeaks loudly.
You see here a +0 club.
Casting: Foxfire (safe; 17% risk of failure)
Confirm with . or Enter, or press ? or * to list all spells.
You conjure some foxfire!
The foxfire hits the rat.
The rat is moderately wounded.
The foxfire hits the rat.
You kill the rat!
k - a fuming red potion You see here 2 curare-tipped darts.
l - 2 curare-tipped darts
Found a scroll labelled TADUDA AFUET.
m - a scroll labelled TADUDA AFUET
Found 14 gold pieces.
You now have 22 gold pieces (gained 14).
Found 4 stones and 10 gold pieces.
Found a robe and a whip.
Found a stone staircase leading down.
A ball python comes into view.
The ball python hisses angrily.
A kobold comes into view. It is wielding a +0 dagger.
The kobold shouts!
Casting: Foxfire (safe; 17% risk of failure)
Confirm with . or Enter, or press ? or * to list all spells.
You conjure some foxfire!
Your foxfire dissipates!
The foxfire hits the ball python.
You kill the ball python!
Casting: Foxfire (safe; 17% risk of failure)
Confirm with . or Enter, or press ? or * to list all spells.
You conjure some foxfire!
Magical energy flows into your mind!
A kobold is nearby!
Unknown command.
The foxfire hits the kobold.
You kill the kobold!
Your foxfire dissipates!
You see here a +0 robe.
Welcome back, AlbinoHulk the Human Conjurer.
Press ? for a list of commands and other information.
Are you sure you want to abandon this character and quit the game? (Confirm with "yes".)

###...#...... .. #.
##...###...... .#.
#.####.....##......
...#.#........########
###.#.#.##.....#
........##.....#
###((....####### #####
#$.....# #....
#...@[.# #.###
#.#..### #.# # .)>....
##.### .##.###..
#....# #. ... # #....#
# ...# #.## #....#
...# ...##....# ####
#..##)### #..#.##


There were no monsters in sight!

Vanquished Creatures
  A dart slug (D:1)
  2 bats (D:1)
  3 giant cockroaches (D:1)
  4 goblins
  4 hobgoblins
  A ball python (D:2)
  4 frilled lizards
  7 kobolds
  5 rats
31 creatures vanquished.

Vanquished Creatures (others)
  26 foxfires (D:2)
26 creatures vanquished.

Grand Total: 57 creatures vanquished

Notes
Turn   | Place    | Note
-------+----------+-------------------------------------------
     0 | D:1      | AlbinoHulk the Human Conjurer began the quest for the Orb.
     0 | D:1      | Reached XP level 1. HP: 13/13 MP: 3/3
   279 | D:1      | Reached XP level 2. HP: 16/19 MP: 0/5
   398 | D:1      | Found a faded altar of an unknown god.
   424 | D:1      | Got Plato's Papyrus of Phlogiston
   437 | D:1      | Learned a level 1 spell: Foxfire
   933 | D:2      | Found a hide-covered altar of Uskayaw.
   999 | D:2      | Reached XP level 3. HP: 21/24 MP: 3/6
  1188 | D:2      | Quit the game

Illustrated notes

Levels and vault maps discovered:
D:1:      amcnicky_arrival_blooded_trapdoor, layout_loops_ring,
          shapermc_ecumenical_altar_rom_forum, nicolae_twisty_statue_hallways
D:2:      layout_basic, basic_altar, uniq_jessica

Action                     || total
---------------------------++-------
  Melee: Unarmed           ||    23
         Short sword       ||    10
   Cast: Magic Dart        ||    34
         Foxfire           ||    17
 Armour: Robe              ||    31
  Dodge: Dodged            ||    36

Table legend: (Time is in decaauts)
 A = Elapsed time spent in this place.
 B = Non-inter-level travel time spent in this place.
 C = Inter-level travel time spent in this place.
 D = Time resting spent in this place.
 E = Time spent auto-exploring this place.
 F = Levels seen in this place.
 G = Mean time per level.
                   A        B        C        D        E       F      G
               +--------+--------+--------+--------+--------+-----+--------+
         Total |   1187 |   1187 |      0 |    133 |    275 |   2 |  593.5 |
       Dungeon |   1187 |   1187 |      0 |    133 |    275 |   2 |  593.5 |
               +--------+--------+--------+--------+--------+-----+--------+

Top non-repeatable levels by time:
     D:1: 932 daAuts
     D:2: 254 daAuts
